 Dungeon Crawl Stone Soup version 0.26-a0-800-g517d6fe721 (webtiles) character file.

Game seed: 85254754931093371

29 jalala the Bolt Thrower (level 3, -12/22 HPs)
             Began as a Kobold Hunter on Nov 11, 2020.
             Mangled by a gnoll
             ... wielding a +0 flail
              (13 damage)
             ... on level 1 of the Dungeon.
             The game lasted 00:00:54 (1030 turns).

jalala the Bolt Thrower (Kobold Hunter)             Turns: 1030, Time: 00:00:55

Health: -12/22     AC:  3    Str: 10    XL:     3   Next: 32%
Magic:  3/3        EV: 14    Int: 12    God:
Gold:   53         SH:  0    Dex: 15    Spells: 2/2 levels left

rFire    . . .     SeeInvis .   a - +1 hand crossbow
rCold    . . .     Faith    .   (shield restricted)
rNeg     . . .     Spirit   .   c - +0 leather armour
rPois    .         Reflect  .   (no helmet)
rElec    .         Harm     .   (no cloak)
rCorr    .         Rampage  .   (no gloves)
MR       .....                  (no boots)
Stlth    +++.......             (no amulet)
HPRegen  0.07/turn              (no ring)
MPRegen  0.08/turn              (no ring)

@: no status effects
A: small, nightstalker 3
a: no special abilities


You were on level 1 of the Dungeon.
You visited 1 branch of the dungeon, and saw 2 of its levels.

You collected 53 gold pieces.

Inventory:

Hand Weapons
 a - a +1 hand crossbow (weapon)
 b - a +0 short sword
Missiles
 d - 12 bolts (quivered)
Armour
 c - a +0 leather armour (worn)
Scrolls
 g - a scroll of teleportation {unknown}
 i - a scroll of immolation {unknown}
 j - a scroll of identify {unknown}
Potions
 e - a potion of magic {unknown}
 f - 2 potions of curing {unknown}
 h - a potion of heal wounds {unknown}


   Skills:
 + Level 2.8 Fighting
 * Level 5.6 Crossbows
 - Level 2.4 Dodging
 - Level 1.3 Stealth


You had 2 spell levels left.
You didn't know any spells.
Your spell library was empty.

Dungeon Overview and Level Annotations

Branches:
Dungeon (2/15)

Altars:


Innate Abilities, Weirdness & Mutations

You are small and have problems with some larger weapons.
You are completely attuned to the shadows.


Message History

You shoot a bolt. The bolt closely misses the gnoll.
The gnoll misses you.
You shoot a bolt. The bolt barely misses the gnoll.
The gnoll completely misses you.
You shoot a bolt. The bolt closely misses the gnoll.
The gnoll completely misses you.
Firing (i - inventory)
d - 14 bolts (quivered)
Press: ? - help, Shift-Dir - straight line, f/p - gnoll
Aim: a gnoll, wielding a +0 flail (heavily wounded)
You shoot a bolt. The bolt barely misses the gnoll.
The gnoll hits you with a +0 flail!
Ouch! That really hurt!
* * * LOW HITPOINT WARNING * * *
Firing (i - inventory)
d - 13 bolts (quivered)
Press: ? - help, Shift-Dir - straight line, f/p - gnoll
Aim: a gnoll, wielding a +0 flail (heavily wounded)
You shoot a bolt. The bolt hits the gnoll.
The gnoll is almost dead.
The gnoll hits you with a +0 flail!
Ouch! That really hurt!
You die...

#.##.##.######.##.#............
#.##.##..#.....#..####.##..#.##
#.................# #.........
######)######.#....##
####..##.. .......##..........#
#..##.# ##[######........###
#.....# ##.# #>.##.#..# ##.....
##.# #........#### #.#### ##.##
#...#...@g.(( #..... ....#
#.....#.##### ###### #....
#........# #...# #....#####
###.# .....# ....# #.#. †.#.. .
#.# .# ..###.#


You could see a gnoll.

Vanquished Creatures
  An ooze (D:1)
  2 dart slugs
  A bat (D:1)
  2 giant cockroaches (D:1)
  3 goblins (D:1)
  3 hobgoblins (D:1)
  2 kobolds (D:1)
  3 rats
17 creatures vanquished.

Vanquished Creatures (others)
  A hobgoblin (D:2)
1 creature vanquished.

Grand Total: 18 creatures vanquished

Notes
Turn   | Place    | Note
-------+----------+-------------------------------------------
     0 | D:1      | jalala the Kobold Hunter began the quest for the Orb.
     0 | D:1      | Reached XP level 1. HP: 12/12 MP: 1/1
   255 | D:1      | You fall into a shaft and drop 1 floor!
   261 | D:2      | Reached skill level 5 in Crossbows
   265 | D:2      | Reached XP level 2. HP: 10/18 MP: 2/2
   748 | D:1      | Reached XP level 3. HP: 17/22 MP: 3/3
  1029 | D:1      | HP: 1/22 [gnoll/+0 flail (11)]
  1030 | D:1      | Mangled by a gnoll

Illustrated notes

Levels and vault maps discovered:
D:1:      scummos_arrival_simple_crosswalls, layout_loops_cross,
          hangedman_decor_points
D:2:      kennysheep_big_flooded_room, layout_loops_ring,
          kennysheep_slug_shrine, chequers_ecumenical_altar_simple_redux,
          uniq_terence

Skill      XL: |  1 |
---------------+----+-----
Crossbows      | 5 |  5.6
Fighting       | |  2.8
Dodging        | |  2.4
Stealth        | |  1.3

Action                   || total
-------------------------++-------
Melee: Short sword       ||    75
 Fire: Hand crossbow     ||     8
 Stab: Sleeping          ||     4
Armor: Leather armour    ||    18
Dodge: Dodged            ||    49

Table legend: (Time is in decaauts)
 A = Elapsed time spent in this place.
 B = Non-inter-level travel time spent in this place.
 C = Inter-level travel time spent in this place.
 D = Time resting spent in this place.
 E = Time spent auto-exploring this place.
 F = Levels seen in this place.
 G = Mean time per level.
                   A        B        C        D        E       F      G
               +--------+--------+--------+--------+--------+-----+--------+
         Total |   1037 |   1033 |      4 |    191 |    701 |   2 |  518.5 |
       Dungeon |   1037 |   1033 |      4 |    191 |    701 |   2 |  518.5 |
               +--------+--------+--------+--------+--------+-----+--------+

Top non-repeatable levels by time:
     D:1: 883 daAuts
     D:2: 153 daAuts
